 Dungeon Crawl Stone Soup version 0.27-a0-1219-g958d993ae5 (webtiles) character file.

Game seed: 4171987637838345343

16736 polve the Warrior (level 12, -1/141 HPs)
             Began as an Ogre Berserker on June 6, 2021.
             Was an Elder of Trog.
             Shot with an arrow by a centaur warrior (20 damage)
             ... on level 11 of the Dungeon.
             The game lasted 00:12:12 (16146 turns).

polve the Warrior (Ogre Berserker)                 Turns: 16146, Time: 00:12:13

Health: -1/141     AC:  2    Str: 34    XL:     12   Next: 40%
Magic:  12/12      EV: 10    Int:  8    God:    Trog [****..]
Gold:   935        SH:  0    Dex:  8    Spells: 11/11 levels left

rFire    . . .     SeeInvis .   N - +0 giant spiked club
rCold    . . .     Faith    .   (shield currently unavailable)
rNeg     . . .     Spirit   .   J - +0 steam dragon scales
rPois    .         Reflect  .   B - +2 hat
rElec    .         Harm     .   I - +1 cloak
rCorr    .         Rampage  .   (gloves unavailable)
Will     +....                  (boots unavailable)
Stlth    +.........             (no amulet)
HPRegen  0.33/turn              t - ring of flight
MPRegen  0.13/turn              o - +6 ring of strength

@: corroded, flying
A: large, unfitting armour, tough skin 1
a: Renounce Religion, Berserk, Trog's Hand, Brothers in Arms


You were on level 11 of the Dungeon.
You worshipped Trog.
Trog was greatly pleased with you.
You visited 2 branches of the dungeon, and saw 13 of its levels.
You also visited: Sewer.

You collected 935 gold pieces.

Inventory:

Hand Weapons
 a - a +0 mace
 e - a +2 flail of venom
 K - a +1 whip of electrocution
 N - a +0 giant spiked club (weapon)
 O - a +0 eveningstar
Missiles
 z - 3 throwing nets
Armour
 B - a +2 hat (worn)
 I - a +1 cloak (worn)
 J - +0 steam dragon scales (worn)
Jewellery
 o - a +6 ring of strength (right hand)
 t - a ring of flight (left hand)
 P - a ring of magical power
Wands
 b - a wand of paralysis (15)
 r - a wand of acid (17)
 x - a wand of digging (5)
 C - a wand of flame (20)
 E - a wand of polymorph (9)
 G - a wand of iceblast (13)
 H - a wand of mindburst (13)
Scrolls
 f - 2 scrolls of enchant weapon {unknown}
 i - 9 scrolls of identify {unknown}
 k - a scroll of amnesia {unknown}
 m - a scroll of magic mapping {unknown}
 n - 2 scrolls of teleportation {unknown}
 q - 2 scrolls of brand weapon {unknown}
 s - 4 scrolls of noise {unknown}
 v - 3 scrolls of holy word {unknown}
 y - a scroll of acquirement {unknown}
 A - a scroll of torment {unknown}
 Q - a scroll of blinking {unknown}
 R - a scroll of fog {unknown}
 S - a scroll of summoning {unknown}
Potions
 c - 5 potions of brilliance {unknown}
 d - a potion of resistance {unknown}
 g - 2 potions of haste {unknown}
 h - 3 potions of curing {unknown}
 j - 5 potions of mutation {unknown}
 l - 2 potions of degeneration {unknown}
 p - 2 potions of heal wounds {unknown}
 u - a potion of attraction {unknown}
 w - 6 potions of flight {unknown}
 D - a potion of lignification {unknown}
 F - a potion of ambrosia {unknown}
 L - a potion of might
 M - a potion of cancellation {unknown}


   Skills:
 - Level 15.0 Fighting
 * Level 14.5 Maces & Flails
 - Level 2.6 Dodging


You had 11 spell levels left.
You didn't know any spells.
Your spell library was empty.

Dungeon Overview and Level Annotations

Branches:
Dungeon (11/15)            Temple (0/1) D:5            Lair (2/6) D:10
  Sewer (visited)
  Swamp: Lair:2-4    Shoals: Lair:2-4     Snake: Lair:2-4    Spider: Lair:2-4
    Orc: D:9-12

Altars:
Dithmenos
Fedhas
Gozag
Hepliaklqana
Kikubaaqudgha
Nemelex Xobeh
Xom
Beogh

Shops:
D:10 *   D:11 *=[

Annotations:
D:10 3 runed translucent doors, exclusion: obsidian statue, Killmatronix's ghost, journeyman SpBe


Innate Abilities, Weirdness & Mutations

You are too large for most types of armour.
You have tough skin. (AC +1)


Message History

The yak is lightly wounded.
The yak gores you but does no damage.
You bludgeon the yak!!
You kill the yak!
Trog accepts your kill.
Things that are here:
a yak corpse; a yak corpse; a yak corpse
Found a stone staircase leading down.
b - a wand of paralysis (15) (gained 4 charges)
Found 21 stones.
j - 5 bubbling clear potions (gained 1)
An acid dragon comes into view.
The acid dragon roars!
A centaur warrior zombie comes into view.
There are monsters nearby!
There are monsters nearby!
A shadow comes into view.
A centaur warrior comes into view.
The centaur warrior shouts!
You hear a shout!
The acid dragon spits acid at you. The splash of acid hits you!
The acid corrodes you!
You are splashed with acid!
The acid dragon spits acid at you. The splash of acid hits you.
You are splashed with acid!
You hear a shout!
The shadow slips into darkness.
The shadow flickers and vanishes!
Deactivating autopickup; reactivate with Ctrl-A.
The centaur warrior wields a +0 shortbow.
The centaur warrior shoots an arrow.
The arrow hits you! The acid dragon spits acid at you.
The splash of acid hits you! The acid corrodes you!
You are splashed with acid!
The centaur warrior shoots an arrow.
The arrow hits you!! The acid dragon spits acid at you.
The splash of acid hits you.
You are splashed with acid!
* * * LOW HITPOINT WARNING * * *
The centaur warrior shoots an arrow.
The arrow hits you!!
* * * LOW HITPOINT WARNING * * *
There is an escape hatch in the ceiling, spattered with blood here.
The centaur warrior shoots an arrow.
The arrow hits you!!
You die...

...#)....∩.∩#
...#####.)..# ∩.∩
#### #.∩.∩# ... #
##.#(# .∩ #
#...#######.# #
##.##.......# ##
#..#.......# .###
##.#.......# ...#
#.....@...# ...#
##........# .#
...# ###........#
##.# ...#
#..........####..#
...#
#.....###....##.(#
...# #.....#
#.{Dc##..# ..##
####'## #........#
..# #†##
#........#♣ .##
######..#
#.........♣


You could see a centaur warrior and an acid dragon (catching breath).

Vanquished Creatures
  Gastronok (Lair:1)
  2 hydras (Lair:1)
  A boulder beetle (D:8)
  Harold (D:7)
  4 two-headed ogres
  Pikel (D:6)
  A manticore (D:7)
  A torpor snail (Lair:1)
  A gargoyle (D:11)
  2 cane toads (Lair:1)
  Psyche (D:9)
  A rime drake (Lair:1)
  A komodo dragon (Lair:1)
  2 trolls
  Grinder (D:3)
  A hornet (D:7)
  A meliai zombie (D:10)
  Sigmund (D:3)
  2 basilisks (Lair:1)
  9 yaks
  A steam dragon (D:8)
  Menkaure (D:5)
  Duvessa (D:7)
  An acid dragon (D:7)
  4 water moccasins (Lair:1)
  3 orc warriors
  3 black bears
  4 centaurs
  4 wolves (Lair:1)
  A lemure (D:6)
  2 kobold brigands (D:9)
  2 wyvern zombies (D:7)
  2 gnoll sergeants
  A bullfrog (Sewer)
  3 scorpions
  A water moccasin skeleton (D:5)
  Dowan (D:7)
  7 killer bees
  5 centaur zombies
  11 orc priests
  2 jellies (D:6)
  2 bullfrog skeletons
  A centaur skeleton (D:7)
  Crazy Yiuf (D:7)
  A gnoll shaman (D:6)
  2 iguanas
  Ijyb (D:4)
  4 orc wizards
  3 killer bee zombies
  2 howler monkey zombies
  9 adders
  12 gnolls
  A shadow imp (D:8)
  An adder skeleton (D:4)
  A dart slug (D:1)
  3 worms
  33 orcs
  3 ball pythons
  5 endoplasms
  13 giant cockroaches
  5 hobgoblins
  6 jackals
  9 kobolds
  9 quokkas
  4 bats
  8 frilled lizards
  9 goblins
  11 rats
254 creatures vanquished.

Vanquished Creatures (collateral kills)
  A cane toad (Lair:1)
  A yak (Lair:1)
2 creatures vanquished.

Vanquished Creatures (others)
  3 fungi (Lair:1)
  6 plants (Lair:1)
9 creatures vanquished.

Grand Total: 265 creatures vanquished

Notes
Turn   | Place    | Note
-------+----------+-------------------------------------------
     0 | D:1      | polve the Ogre Berserker began the quest for the Orb.
     0 | D:1      | Reached XP level 1. HP: 24/24 MP: 1/1
   101 | D:1      | Reached XP level 2. HP: 12/32 MP: 2/2
   423 | D:1      | Reached XP level 3. HP: 32/39 MP: 3/3
  1053 | D:2      | Reached ** piety under Trog
  1231 | D:2      | Reached XP level 4. HP: 21/48 MP: 4/4
  2188 | D:3      | Reached skill level 5 in Maces & Flails
  2395 | D:3      | Reached XP level 5. HP: 54/54 MP: 5/5
  2747 | D:3      | Noticed Grinder
  2758 | D:3      | Killed Grinder
  2759 | D:3      | Reached XP level 6. HP: 35/62 MP: 6/6
  3047 | D:3      | Noticed Sigmund
  3056 | D:3      | Killed Sigmund
  3057 | D:3      | Reached XP level 7. HP: 70/70 MP: 7/7
  4205 | D:4      | Identified the amulet of Vuyzahucu {Spirit -Cast Str-5 SInv
                  | Stlth+}
  4361 | D:4      | Noticed Ijyb
  4369 | D:4      | Killed Ijyb
  4653 | D:4      | Reached *** piety under Trog
  4906 | D:5      | Entered Level 5 of the Dungeon
  4928 | D:5      | Found a staircase to the Ecumenical Temple.
  4934 | D:5      | Reached skill level 5 in Fighting
  4942 | D:5      | Reached XP level 8. HP: 56/83 MP: 8/8
  4945 | D:5      | Reached skill level 6 in Fighting
  5308 | D:5      | Reached skill level 7 in Fighting
  5376 | D:5      | Noticed Menkaure
  5383 | D:5      | Killed Menkaure
  6251 | D:6      | Found a shadowy altar of Dithmenos.
  6255 | D:6      | Reached skill level 8 in Fighting
  6552 | D:6      | Reached skill level 9 in Fighting
  6702 | D:6      | Noticed Pikel
  6723 | D:6      | Killed Pikel
  6724 | D:6      | Reached skill level 10 in Fighting
  6724 | D:6      | Reached XP level 9. HP: 102/102 MP: 9/9
  6926 | D:6      | Found a glowing drain.
  6934 | Sewer    | Entered a sewer
  6945 | Sewer    | Reached skill level 11 in Fighting
  7662 | D:6      | Reached **** piety under Trog
  7769 | D:7      | Noticed Harold
  7778 | D:7      | Killed Harold
  7779 | D:7      | Reached skill level 13 in Fighting
  8483 | D:7      | Found a runed translucent door.
  8484 | D:7      | Noticed Crazy Yiuf
  8510 | D:7      | Noticed Duvessa
  8511 | D:7      | Noticed Dowan
  8517 | D:7      | Killed Dowan
  8522 | D:7      | Killed Duvessa
  8774 | D:7      | Noticed a manticore
  8788 | D:7      | Killed a manticore
  8789 | D:7      | Reached skill level 14 in Fighting
  8789 | D:7      | Reached XP level 10. HP: 122/122 MP: 10/10
  8880 | D:7      | Identified the +0 pair of boots "Jom Hera" {Harm Drain
                  | rPois}
  9331 | D:7      | Killed Crazy Yiuf
  9740 | D:8      | Found a sparkling altar of Nemelex Xobeh.
  9740 | D:8      | Found an opulent altar of Gozag.
  9768 | D:8      | Noticed a boulder beetle
  9779 | D:8      | Killed a boulder beetle
 10486 | D:8      | Reached skill level 10 in Maces & Flails
 10801 | D:8      | Found an ancient bone altar of Kikubaaqudgha.
 11152 | D:9      | Noticed Psyche
 11184 | D:9      | Killed Psyche
 11474 | D:9      | Noticed a two-headed ogre
 11496 | D:9      | Killed a two-headed ogre
 11497 | D:9      | Reached skill level 15 in Fighting
 11497 | D:9      | Reached XP level 11. HP: 132/132 MP: 11/11
 11521 | D:9      | Found a shimmering altar of Xom.
 11962 | D:10     | Entered Level 10 of the Dungeon
 12059 | D:10     | Noticed a two-headed ogre
 12062 | D:10     | Found a runed translucent gate.
 12068 | D:10     | Killed a two-headed ogre
 12499 | D:10     | Found a runed translucent gate.
 12542 | D:10     | Noticed a two-headed ogre
 12550 | D:10     | Killed a two-headed ogre
 12678 | D:10     | Noticed a two-headed ogre
 12682 | D:10     | Killed a two-headed ogre
 12711 | D:10     | Found a runed translucent gate.
 12719 | D:10     | Found a staircase to the Lair.
 13122 | D:10     | Found a hazy altar of Hepliaklqana.
 13129 | D:10     | Found a blossoming altar of Fedhas.
 13270 | D:10     | Found an opulent altar of Gozag.
 13273 | D:10     | Noticed Killmatronix's ghost (journeyman SpBe)
 13273 | D:10     | Noticed an obsidian statue
 13273 | D:10     | Noticed a deep elf zephyrmancer
 13274 | D:10     | Found Sakaru's Assorted Antiques.
 13424 | Lair:1   | Entered Level 1 of the Lair of Beasts
 13749 | Lair:1   | Noticed Gastronok
 13769 | Lair:1   | Killed Gastronok
 13959 | Lair:1   | Noticed a five-headed hydra
 13971 | Lair:1   | Killed a five-headed hydra
 13972 | Lair:1   | Reached XP level 12. HP: 45/141 MP: 12/12
 14543 | Lair:1   | Noticed a four-headed hydra
 14559 | Lair:1   | Killed a four-headed hydra
 15047 | Lair:1   | You are sucked into a shaft and drop 1 floor!
 15598 | Lair:2   | Noticed a five-headed hydra
 15801 | D:11     | Found Tufaycoe's Jewellery Shoppe.
 15851 | D:11     | Found Nyrr's General Store.
 15976 | D:11     | Found Diostr Ydobla's Antique Armour Shop.
 16135 | D:11     | Noticed a centaur warrior
 16146 | D:11     | Shot with an arrow by a centaur warrior

Illustrated notes

Levels and vault maps discovered:
D:1:      doesnt_arrival_eight_statues, layout_rooms, minmay_octomino_j4
D:2:      kennysheep_big_flooded_room, layout_loops_ring, minivault_25,
          kennysheep_donut, minmay_misc_feat_iff, chequers_serial_rivers_micro_c
D:3:      layout_basic, grunt_ministairs_14, st_stairs_10, uniq_grinder,
          uniq_sigmund
D:4:      layout_cave_pods, uniq_ijyb
D:5:      layout_basic, minmay_temple_entry_drinking_statues, uniq_menkaure
D:6:      layout_loops_cross, lemuel_tele_altar, gup_sewer_entry_bubbles,
          uniq_pikel
D:7:      layout_rooms, serial_corexii_hall, chequers_hall_statues_wall_a,
          chequers_hall_statues_wall_a, minmay_chambers_of_fives, uniq_duvessa,
          uniq_crazy_yiuf_cottage, uniq_harold
D:8:      layout_loops_cross, grunt_temple_overflow_opulence,
          lemuel_coloured_pillars_altar
D:9:      layout_loops_ring, marbit_many_paths, uniq_psyche
D:10:     layout_cave_pools, amethyst_overflow_temple_binary, lair_entry_dummy,
          ebering_ghost_gozag, david_defended_altar_orc
D:11:     nzn_winding_woodlands_small
          [nzn_winding_woodlands_5x15_pathside_ponds,
          nzn_winding_woodlands_center_triple_pond,
          nzn_winding_woodlands_5x15_split_checker], layout_basic, serial_shops,
          shop, nicolae_shop_competitors_out_of_business, kennysheep_mini_moat,
          nicolae_shop_competitors_out_of_business, nicolae_shop_statue_plus
Lair:1:   layout_gridlike, lemuel_fruit_fields, lemuel_fruit_fields,
          uniq_gastronok
Lair:2:   layout_cave_shapes, cheibrodos_lair_reptile_den, grunt_megastairs_2,
          infiniplex_staircase_pool

Skill      XL: |  1  2  3  4  5  6  7  8  9 10 11 12 |
---------------+-------------------------------------+-----
Maces & Flails | 3 4 5 6 7 8 10 13 14 | 14.5
Fighting       | 5 10 14 15 | 15.0
Dodging        | |  2.6

Action                   |  1- 3 |  4- 6 |  7- 9 | 10-12 || total
-------------------------+-------+-------+-------+-------++-------
Melee: Mace              |    40 |       |       |       ||    40
       Flail             |    51 |    83 |   256 |    77 ||   467
       Whip              |       |       |       |    76 ||    76
       Unarmed           |       |       |       |    13 ||    13
       Giant spiked club |       |       |       |   142 ||   142
       Eveningstar       |       |       |       |    34 ||    34
Invok: Berserk           |     1 |     4 |    11 |    14 ||    30
       Brothers in Arms  |       |       |       |     2 ||     2
       Trog's Hand       |       |       |       |     2 ||     2
 Stab: Sleeping          |       |       |     1 |       ||     1
Armor: Animal skin       |    55 |    13 |    25 |       ||    93
       Robe              |       |       |    44 |    19 ||    63
       Steam dragon scal |       |       |       |   148 ||   148
Dodge: Dodged            |    75 |    28 |   163 |   184 ||   450

Table legend: (Time is in decaauts)
 A = Elapsed time spent in this place.
 B = Non-inter-level travel time spent in this place.
 C = Inter-level travel time spent in this place.
 D = Time resting spent in this place.
 E = Time spent auto-exploring this place.
 F = Levels seen in this place.
 G = Mean time per level.
                   A        B        C        D        E       F      G
               +--------+--------+--------+--------+--------+-----+--------+
         Total |  16413 |  15922 |    491 |    946 |  13264 |  14 | 1172.4 |
       Dungeon |  13805 |  13339 |    466 |    915 |  11029 |  11 | 1255.0 |
          Lair |   2394 |   2370 |     24 |     31 |   2102 |   2 | 1197.0 |
         Sewer |    213 |    213 |      0 |      0 |    133 |   1 |  213.0 |
               +--------+--------+--------+--------+--------+-----+--------+

Top non-repeatable levels by time:
  Lair:1: 2376 daAuts
     D:7: 1675 daAuts
     D:3: 1545 daAuts
     D:8: 1521 daAuts
     D:5: 1513 daAuts
    D:10: 1405 daAuts
     D:4: 1296 daAuts
     D:2: 1165 daAuts
     D:6: 1159 daAuts
     D:9: 1137 daAuts
     D:1: 1002 daAuts
    D:11: 383 daAuts
   Sewer: 213 daAuts
  Lair:2: 17 daAuts
